 Dungeon Crawl Stone Soup version 0.19-a0-1714-gcab94ab (webtiles) character file.

137 st0uf the Skirmisher (level 5, 39/42 HPs)
             Began as a Demonspawn Fighter on Sept 28, 2016.
             Quit the game on level 3 of the Dungeon.
             The game lasted 00:07:19 (1943 turns).

st0uf the Skirmisher (Demonspawn Fighter)           Turns: 1943, Time: 00:07:20

Health: 39/42      AC:  7    Str: 16    XL:     5   Next: 0%
Magic:  5/5        EV: 10    Int: 10    God:
Gold:   73         SH:  0    Dex: 13    Spells: 0 memorised, 4 levels left

rFire  . . .     SeeInvis .     a - +0 long sword
rCold  . . .     Gourm    .     b - +0 scale mail
rNeg   . . .     Faith    .     (no shield)
rPois  .         Spirit   .     (helmet restricted)
rElec  .         Dismiss  .     (no cloak)
rCorr  .         Reflect  .     (no gloves)
MR     .....     Harm     .     (no boots)
Stlth  ..........               (no amulet)
                                (no ring)
                                (no ring)

@: no status effects
A: antennae 2, powered by pain 1
a: no special abilities


You were on level 3 of the Dungeon.
You were not hungry.

You visited 1 branch of the dungeon, and saw 5 of its levels.

You collected 73 gold pieces.

Inventory:

Hand Weapons
 a - a +0 long sword (weapon)
Armour
 b - a +0 scale mail (worn)
Scrolls
 c - a scroll of random uselessness {unknown}
 g - 2 scrolls of enchant weapon {unknown}
 i - a scroll of remove curse {unknown}
 j - a scroll of enchant armour {unknown}
 m - a scroll of noise {unknown}
Potions
 d - a potion of might
 e - 2 potions of heal wounds {unknown}
 h - 2 potions of invisibility {unknown}
 k - 2 potions of ambrosia {unknown}
Comestibles
 f - 2 bread rations
 l - a royal jelly


   Skills:
 * Level 4.0 Fighting
 * Level 3.1 Long Blades
 + Level 3.2 Armour
 + Level 1.5 Dodging
   Level 2.6 Shields


You had 4 spell levels left.
You didn't know any spells.

Dungeon Overview and Level Annotations

Branches:
Dungeon (5/15)
 Temple: D:4-7

Altars:
Dithmenos
Ru
Uskayaw

Annotations:
D:3 Natasha
D:4 Sigmund


Innate Abilities, Weirdness & Mutations

You have a pair of antennae on your head.
You sometimes gain a little power by taking damage.


Message History

The howler monkey is severely wounded.
The howler monkey barely misses you.
A bat comes into view.
You hit the howler monkey.
You kill the howler monkey!
Your Fighting skill increases to level 4!
Your Long Blades skill increases to level 3!
The bat hits you but does no damage.
Found a shadowy altar of Dithmenos.
A goblin comes into view.
You see here a howler monkey corpse.
The bat hits you but does no damage. The bat barely misses you.
You barely miss the bat. The bat closely misses you. The bat barely misses you.
You riposte.
You hit the bat.
You kill the bat!
You have reached level 5!
Your demonic ancestry asserts itself...
You feel energised by your suffering.
Are you sure you want to abandon this character and quit the game? (Confirm with "yes".)

#.##.#.#
..##...#
#){..#{
....##...
######
..._.#...
....##..#
#..##....
#......#
#..#g#
#..@#
##..#
#.†#
#..###.#
##>..(.#
#######


You could see a goblin.

Vanquished Creatures
  2 howler monkeys
  An adder (D:4)
  An ooze (D:4)
  2 leopard geckos
  11 orcs
  2 giant cockroaches
  3 goblins
  2 hobgoblins
  3 quokkas
  A ball python (D:3)
  3 bats (D:3)
  3 kobolds
  2 rats (D:3)
36 creatures vanquished.

Notes
Turn   | Place    | Note
-------+----------+-------------------------------------------
     0 | D:1      | st0uf the Demonspawn Fighter began the quest for the Orb.
     0 | D:1      | Reached XP level 1. HP: 18/18 MP: 1/1
   150 | D:2      | Gained mutation: You have a pair of small antennae on your head. [demonic ancestry]
   150 | D:2      | Reached XP level 2. HP: 19/24 MP: 2/2
   245 | D:3      | Noticed Natasha
   823 | D:4      | Gained mutation: You have a pair of antennae on your head. [demonic ancestry]
   823 | D:4      | Reached XP level 3. HP: 16/29 MP: 3/3
  1246 | D:5      | Entered Level 5 of the Dungeon
  1304 | D:4      | Reached skill level 1 in Dodging
  1304 | D:4      | Reached XP level 4. HP: 18/37 MP: 4/4
  1489 | D:4      | Noticed Sigmund
  1829 | D:3      | Found a sacrificial altar of Ru.
  1868 | D:3      | Noticed a dagger
  1871 | D:3      | Noticed a hand axe
  1872 | D:3      | Found a hide-covered altar of Uskayaw.
  1925 | D:4      | Noticed an ogre
  1938 | D:3      | Reached skill level 4 in Fighting
  1939 | D:3      | Found a shadowy altar of Dithmenos.
  1942 | D:3      | Gained mutation: You sometimes gain a little power by taking damage. [demonic ancestry]
  1942 | D:3      | Reached XP level 5. HP: 39/42 MP: 5/5
  1943 | D:3      | Quit the game

Vault maps used:
D:1:      minmay_arrival_wavy_path, minmay_misc_feat_roman
D:2:      elyvilon_altar_1, first_bread, uniq_crazy_yiuf_cottage
D:3:      nicolae_dithmenos_through_a_glass_darkly,
          nicolae_overflow_crystal_walls, dancing_weapons_uskayaw, uniq_natasha,
          uniq_jessica, uniq_grinder
D:4:      minivault_27, uniq_duvessa, uniq_sigmund
D:5:      lemuel_coloured_pillars_altar

Skill      XL: |  1  2  3  4 |
---------------+-------------+-----
Long Blades    | 2 3 |  3.1
Armour         | 3 |  3.2
Dodging        | 1 |  1.5
Fighting       | 4 |  4.0
Shields        | |  2.6

Action                   |  1- 3 |  4- 6 || total
-------------------------+-------+-------++-------
Melee: Long sword        |    87 |    63 ||   150
  Eat: Chunk             |     1 |     2 ||     3
Armor: Scale mail        |    34 |    15 ||    49
Dodge: Dodged            |    38 |    43 ||    81
